 Dungeon Crawl Stone Soup version 0.13.1 (webtiles) character file.

484 Chiseanne the Ducker (level 6, -4/45 HPs)
             Began as a Vampire Artificer on Nov 28, 2013.
             Slain by an orc priest
             ... wielding a -1,+1 orcish hand axe
              (9 damage)
             ... on Level 4 of the Dungeon.
             The game lasted 00:12:01 (2870 turns).

Chiseanne the Ducker (Vampire Artificer)            Turns: 2870, Time: 00:12:01

HP  -4/45        AC  6     Str 12      XL: 6   Next: 68%
MP  10/10        EV 13     Int 14      God:
Gold 48          SH  0     Dex 16      Spells:  0 memorised,  5 levels left

Res.Fire  : . . .   See Invis. : +   p - +1,+3 great mace (crush)
Res.Cold  : + . .   Warding    : .   D - +0 leather armour "Skemide" {rC+ Dex+2}
Life Prot.: . . .   Conserve   : .   (no shield)
Res.Poison: .       Res.Corr.  : .   E - +2 helmet
Res.Elec. : .       Clarity    : .   (no cloak)
Sust.Abil.: . .     Spirit.Shd : .   (no gloves)
Res.Mut.  : .       Stasis     : .   (no boots)
Res.Rott. : .       Flight     : .   (no amulet)
Saprovore : . . .                    (no ring)
                                     (no ring)

@: regenerating quickly, slowed, very slow, slightly resistant to hostile
enchantments, fairly stealthy
A: bottle blood, fangs 3, see invisible, unbreathing
a: Bottle Blood


You were on level 4 of the Dungeon.
You were very full.

You visited 1 branch of the dungeon, and saw 4 of its levels.

You collected 146 gold pieces.
You spent 118 gold pieces at shops.

Inventory:

Hand weapons
 n - a +3,+1 hand axe (quivered)
 p - a +1,+3 great mace of crushing (weapon)
Missiles
 y - 10 poisoned needles
Armour
 w - a +0 elven buckler
 D - the +0 leather armour "Skemide" (worn) {rC+ Dex+2}
   (You found it on level 4 of the Dungeon)

   It affects your dexterity (+2).
   It protects you from cold.
 E - a +2 helmet (worn)
Magical devices
 b - a wand of flame (1)
 c - a wand of enslavement (14)
 d - a wand of random effects (5)
Comestibles
 k - a choko
 m - 2 meat rations
 B - 2 bread rations
Scrolls
 e - 4 scrolls of blinking
 h - 2 scrolls of random uselessness
 i - 4 scrolls of identify
 j - a scroll of amnesia
 q - a scroll of curse jewellery
 t - 6 scrolls of remove curse
Potions
 a - 3 potions of curing
 f - 4 potions of blood
 s - a potion of heal wounds {unknown}
 v - 2 potions of magic {unknown}
 z - 2 potions of restore abilities {unknown}
 A - a potion of speed {unknown}


   Skills:
 * Level 2.3 Fighting
   Level 1.1 Short Blades
 - Level 1.5 Axes
 * Level 1.0 Maces & Flails
 * Level 2.6 Armour
 * Level 4.3 Dodging
 - Level 1.5 Stealth
   Level 1.2 Shields
 * Level 3.9 Evocations


You had 5 spell levels left.
You didn't know any spells.

Dungeon Overview and Level Annotations

Branches:
Dungeon (4/27)
 Temple: D:4-7

Altars:

Shops:
D:4 *[/


Innate Abilities, Weirdness & Mutations

Your natural rate of healing is unusually fast.
You can bottle blood from corpses.
You have razor-sharp teeth.*
You have supernaturally acute eyesight.
You can survive without breathing.*


Message History

The orc priest mumbles some strange prayers to Beogh.
You feel a wave of unholy energy pass over you.
The orc wizard points at you and mumbles some strange words.
The magic dart hits you! The orc barely misses you.
The orc priest looks braver.
You barely miss the orc wizard.
The orc wizard hits you with an orcish dagger.
The orc hits you with an orcish short sword.
The orc priest looks braver.
The orc wizard hits you with an orcish dagger.
The orc hits you but does no damage.
The orc wizard gestures wildly while chanting.
The orc wizard blinks!
The orc closely misses you.
You sock the orc!
You kill the orc!
The orc priest calls down the wrath of Beogh upon you.
Something smites you!
* * * LOW HITPOINT WARNING * * *
The orc priest hits you with an orcish hand axe!
You die...

#.###.#.#.#.# #.#,*
#.# #.#.#.#.###.#,*
#.###.#..........,*
#..⌠.⌠..#...###.#**
##...∩..###..# #(#
%...⌠.⌠## ##.# #.#
##..##..###..###.#
##.......#.#..##o#
###.###.....[.##@#
#......^....o..####
#####.........(...#
#....#..#####.#
#######.####..# #.#
.........# #%.# #.#
#######..###..# #.#
#.......# #.#
#.####.## #.#


You could see an orc priest and an orc wizard.

Vanquished Creatures
  An ogre (D:4)
  A giant frog (D:3)
  2 hounds (D:4)
  An orc wizard (D:3)
  3 worker ants
  6 adders
  A worm (D:3)
  3 giant geckos
  An ooze (D:1)
  6 orcs
  6 bats
  4 giant cockroaches
  5 goblins
  9 hobgoblins
  4 jackals (D:4)
  7 kobolds
  A quokka (D:2)
  2 ball pythons (D:3)
  3 giant newts
  12 rats
78 creatures vanquished.

Notes
Turn   | Place    | Note
--------------------------------------------------------------
     0 | D:1      | Chiseanne, the Vampire Artificer, began the quest for the Orb.
     0 | D:1      | Reached XP level 1. HP: 16/16 MP: 2/2
    28 | D:1      | Reached skill level 1 in Fighting
   127 | D:1      | Reached XP level 2. HP: 2/22 MP: 3/3
   301 | D:1      | Reached skill level 3 in Evocations
   900 | D:2      | Reached XP level 3. HP: 24/27 MP: 5/5
  1190 | D:2      | Reached skill level 1 in Armour
  1473 | D:3      | Reached XP level 4. HP: 33/33 MP: 7/7
  1672 | D:3      | Reached skill level 1 in Axes
  1905 | D:3      | Noticed a giant frog
  1921 | D:3      | Killed a giant frog
  1921 | D:3      | Reached XP level 5. HP: 16/39 MP: 9/9
  2303 | D:4      | Got an encrusted leather armour
  2361 | D:4      | Identified the +0 leather armour "Skemide" {rC+ Dex+2} (You found it on level 4 of the Dungeon)
  2416 | D:4      | Reached skill level 1 in Shields
  2448 | D:4      | Found Wunifuzuemp's Assorted Antiques.
  2450 | D:4      | Noticed an ogre
  2456 | D:4      | Killed an ogre
  2456 | D:4      | Reached skill level 4 in Dodging
  2456 | D:4      | Reached XP level 6. HP: 45/45 MP: 10/10
  2473 | D:4      | Bought a helmet for 67 gold pieces
  2473 | D:4      | Bought a scroll labeled TRAER FYUNOTO for 27 gold pieces
  2473 | D:4      | Bought a metallic white potion for 24 gold pieces
  2531 | D:4      | Found Griqioc's Magical Wand Shoppe.
  2611 | D:4      | Found Ycriek's Antique Armour Boutique.
  2713 | D:4      | Reached skill level 1 in Maces & Flails
  2870 | D:4      | Slain by an orc priest

Action                   |  1- 3 |  4- 6 || total
-------------------------+-------+-------++-------
Melee: Short sword       |    51 |       ||    51
       Hand axe          |    83 |   109 ||   192
       Great mace        |       |    56 ||    56
 Abil: Bottle Blood      |       |     5 ||     5
Evoke: Wand              |    11 |    14 ||    25
  Use: Potion            |       |     1 ||     1
       Scroll            |       |    14 ||    14
